 Dungeon Crawl Stone Soup version 0.29-a0-233-g1125b37a9b (webtiles) character file.

Game seed: 12418555635431211577

4077 brightshaft the Carver (level 10, -20/129 (135) HPs)
             Began as a Pale Draconian Berserker on Mar 1, 2022.
             Was a Priest of Trog.
             Demolished by a tengu warrior
             ... wielding a +0 dire flail
              (29 damage)
             ... on level 8 of the Dungeon.
             The game lasted 00:16:11 (10087 turns).

brightshaft the Carver (Pale Draconian Berserker)  Turns: 10087, Time: 00:16:12

HP:   -20/129 (135) AC: 10    Str: 20    XL:     10   Next: 5%
MP:   10/10         EV: 15    Int:  7    God:    Trog [***...]
Gold: 494           SH:  0    Dex: 15    Spells: 9/9 levels left

rFire   . . .      SeeInvis .   a - +0 scimitar
rCold   . . .      Faith    .   (no shield)
rNeg    . . .      Spirit   .   (body armour unavailable)
rPois   .          Reflect  .   (helmet restricted)
rElec   .          Harm     .   (no cloak)
rCorr   .          Rampage  .   d - +2 pair of gloves
Will    +....                   (no boots)
Stlth   ..........              (no amulet)
HPRegen 0.31/turn               e - ring of willpower
MPRegen 0.12/turn               (no ring)

@: berserking (expiring), lightly drained, very quick
A: breathe steam, AC +7, unfitting armour, cold-blooded, steam resistance
a: Breathe Steam, Renounce Religion, Berserk, Trog's Hand


You were on level 8 of the Dungeon.
You worshipped Trog.
Trog was most pleased with you.
You visited 1 branch of the dungeon, and saw 8 of its levels.

You collected 494 gold pieces.

Inventory:

Hand Weapons
 a - a +0 scimitar (weapon)
 k - a +2 short sword of speed
 B - a +0 long sword
 C - a +1 falchion
Missiles
 n - a throwing net
Armour
 d - a +2 pair of gloves (worn)
Jewellery
 e - a ring of willpower (left hand)
 p - a ring of resist corrosion
 y - a ring of ice
 J - a ring of protection from cold
Wands
 g - a wand of iceblast (7)
 o - a wand of acid (8)
 s - a wand of flame (10)
 A - a wand of polymorph (11)
 F - a wand of paralysis (12)
Scrolls
 f - 2 scrolls of enchant armour
 h - 4 scrolls of teleportation
 q - a scroll of acquirement {unknown}
 u - a scroll of vulnerability
 w - a scroll of fear {unknown}
 x - a scroll of summoning
 D - a scroll of magic mapping {unknown}
 G - a scroll of identify
 H - a scroll of fog {unknown}
 I - a scroll of blinking {unknown}
Potions
 b - 3 potions of heal wounds
 c - a potion of degeneration
 i - 5 potions of mutation
 j - a potion of brilliance {unknown}
 l - 4 potions of curing
 m - a potion of might
 r - a potion of resistance {unknown}
 t - 4 potions of attraction {unknown}
 v - a potion of cancellation {unknown}
 z - a potion of invisibility {unknown}
 E - 2 potions of flight {unknown}


   Skills:
 + Level 8.6 Fighting
 * Level 10.8 Long Blades
 + Level 7.2 Dodging


You had 9 spell levels left.
You didn't know any spells.
Your spell library was empty.

Dungeon Overview and Level Annotations

Branches:
Dungeon (8/15)             Temple (0/1) D:7
   Lair: D:8-11

Altars:
Cheibriados
Dithmenos
Fedhas
Okawaru
Vehumet
Zin

Shops:
D:1 *=[   D:2 (   D:6 *   D:7 =[=


Innate Abilities, Weirdness & Mutations

You can breathe blasts of scalding, opaque steam.
Your pale cyan-grey scales are hard. (AC +7)
You cannot fit into any form of body armour.
You are cold-blooded and may be slowed by cold attacks.
You are immune to the effects of steam.


Message History

You hit the tengu warrior.
The tengu warrior is lightly wounded.
The tengu warrior hits you with a +0 dire flail!
The tengu warrior pecks you.
The tengu warrior claws you but does no damage.
You are too injured to fight recklessly!
You are too injured to fight recklessly!
You are too injured to fight recklessly!
You are too injured to fight recklessly!
You are too injured to fight recklessly!
A red film seems to cover your vision as you go berserk!
You feel yourself moving faster!
You feel mighty!
The tengu warrior hits you with a +0 dire flail!
The tengu warrior closely misses you. The tengu warrior misses you.
You closely miss the tengu warrior.
The tengu warrior is lightly wounded.
You closely miss the tengu warrior.
The tengu warrior is lightly wounded.
The tengu warrior hits you with a +0 dire flail!!
* * * LOW HITPOINT WARNING * * *
The tengu warrior pecks you!
* * * LOW HITPOINT WARNING * * *
The tengu warrior closely misses you.
You closely miss the tengu warrior.
The tengu warrior is lightly wounded.
You hit the tengu warrior. You tail-slap the tengu warrior!
The tengu warrior is moderately wounded.
The tengu warrior barely misses you. The tengu warrior pecks you!
* * * LOW HITPOINT WARNING * * *
The tengu warrior claws you but does no damage.
Unknown command.
You are too berserk!
You hit the tengu warrior.
Your tail-slap misses the tengu warrior.
The tengu warrior is moderately wounded.
You slice the tengu warrior!!
Your tail-slap misses the tengu warrior.
The tengu warrior is severely wounded.
The tengu warrior hits you with a +0 dire flail!!
You die...

#####............ #
....###'####+###+######+#
.........................
.........................
.........................
.........................
............?.......>....
.........................
#'##....@.)..............
.. ####Q####'##......####
..o ...#.[....#... ...).
...+......#... .......
...#......'... .......
....#......#... .......
..#......#... #.####.
#......#..# #....#+##..#


You could see a tengu warrior (strong) and an orc.

Vanquished Creatures
  Pikel (D:7)
  A gargoyle (D:7)
  Sigmund (D:5)
  Menkaure (D:5)
  Edmund (D:5)
  4 water moccasins (D:7)
  3 orc warriors
  2 black bears (D:6)
  An ice beast (D:3)
  3 sky beasts
  An ogre (D:5)
  A centaur (D:6)
  2 phantoms
  A kobold brigand (D:6)
  2 bullfrogs (D:7)
  A gnoll sergeant (D:3)
  A necrophage (D:7)
  10 wights (D:7)
  3 hounds
  A jelly (D:5)
  4 orc priests
  6 iguanas
  6 orc wizards
  5 gnolls (D:3)
  8 adders
  2 white imps
  3 worms
  2 dart slugs (D:4)
  24 orcs
  6 ball pythons
  11 endoplasms
  7 giant cockroaches
  4 goblins
  12 hobgoblins
  5 quokkas
  2 bats
  2 frilled lizards (D:1)
  14 kobolds
  4 rats
168 creatures vanquished.

Vanquished Creatures (others)
  A lemure (D:7)
1 creature vanquished.

Grand Total: 169 creatures vanquished

Notes
Turn   | Place    | Note
-------+----------+-------------------------------------------
     0 | D:1      | brightshaft the Draconian Berserker began the quest for the
                  | Orb.
     0 | D:1      | Reached XP level 1. HP: 19/19 MP: 1/1
    18 | D:1      | Found a faded altar of an unknown god.
    20 | D:1      | Found Gicky's Armour Emporium.
   392 | D:1      | Reached XP level 2. HP: 26/26 MP: 2/2
   506 | D:1      | Found Tialauf's Jewellery Emporium.
   777 | D:1      | Found Zyg Budon's General Store.
  1191 | D:2      | Reached XP level 3. HP: 33/33 MP: 3/3
  1248 | D:2      | Reached ** piety under Trog
  1514 | D:2      | Reached skill level 4 in Long Blades
  1620 | D:2      | Found Wuimyit's Weapon Emporium.
  1632 | D:2      | Reached XP level 4. HP: 36/40 MP: 4/4
  2173 | D:3      | Noticed an ice beast
  2187 | D:3      | Killed an ice beast
  2188 | D:3      | Reached XP level 5. HP: 30/46 MP: 5/5
  2426 | D:3      | Reached skill level 5 in Long Blades
  3194 | D:3      | Reached XP level 6. HP: 14/53 MP: 6/6
  4413 | D:4      | Reached skill level 5 in Fighting
  4818 | D:4      | Reached skill level 6 in Long Blades
  5015 | D:4      | Your scales start taking on a pale cyan-grey colour.
  5015 | D:4      | Reached XP level 7. HP: 54/61 MP: 7/7
  5015 | D:4      | Gained mutation: You are immune to the effects of steam.
                  | [Pale Draconian growth]
  5137 | D:4      | Found a snail-covered altar of Cheibriados.
  5141 | D:4      | Found a shadowy altar of Dithmenos.
  5156 | D:4      | Found a blossoming altar of Fedhas.
  5231 | D:5      | Entered Level 5 of the Dungeon
  5244 | D:5      | Noticed Menkaure
  5251 | D:5      | Killed Menkaure
  5543 | D:5      | Noticed Edmund
  5548 | D:5      | Killed Edmund
  5672 | D:5      | Reached skill level 7 in Long Blades
  5895 | D:5      | Reached skill level 5 in Dodging
  5895 | D:5      | Reached XP level 8. HP: 50/70 MP: 8/8
  6108 | D:5      | Noticed Sigmund
  6112 | D:5      | Killed Sigmund
  6413 | D:6      | Found an iron altar of Okawaru.
  6418 | D:6      | Found a radiant altar of Vehumet.
  6533 | D:6      | Found Yroicuze's Fire Supplies.
  6916 | D:6      | Reached skill level 8 in Long Blades
  7228 | D:6      | Found a glowing silver altar of Zin.
  7563 | D:7      | Found Ximycual's Weapon Emporium.
  7587 | D:7      | Reached *** piety under Trog
  7687 | D:7      | Found Nugextos's Magic Scroll Shop.
  7723 | D:7      | Reached XP level 9. HP: 43/79 MP: 9/9
  8009 | D:7      | Found Jalyneok's Antique Armour Shop.
  8071 | D:7      | Noticed a gargoyle
  8079 | D:7      | Noticed Pikel
  8090 | D:7      | Killed a gargoyle
  8091 | D:7      | Reached skill level 9 in Long Blades
  8098 | D:7      | Killed Pikel
  8546 | D:7      | Reached skill level 10 in Long Blades
  8979 | D:7      | Found Nyczohof's Jewellery Emporium.
  9065 | D:7      | Found Gotzaur's Jewellery Shoppe.
  9326 | D:7      | Reached XP level 10. HP: 76/84 MP: 10/10
  9506 | D:7      | Found a staircase to the Ecumenical Temple.
 10075 | D:8      | Noticed a tengu warrior
 10087 | D:8      | Demolished by a tengu warrior

Illustrated notes

Levels and vault maps discovered:
D:1:      mrwooster_arrival_arrow, layout_basic, serial_shops, shop,
          nicolae_shop_hallway_plus,
          nicolae_shop_temple_entry_statues_fountains,
          hellmonk_ecumenical_altar_run_dry
D:2:      layout_basic, serial_shops, nicolae_diamond_shop, minivault_11
D:3:      layout_basic, hex_tiny
D:4:      layout_basic, grunt_temple_overflow_diamond, serial_co_window_serial,
          co_window_paths_a, co_window_paths_b, co_window_of_opportunity_a,
          co_window_of_opportunity_a, co_window_corner_a, co_window_corner_cb,
          co_window_of_opportunity_b, co_window_unsneaky_path_e,
          co_window_broadway_a, co_window_corner_b, co_window_broadway_a,
          co_window_4corner_a, glass_columns_b, glass_columns_a, glass_columns_c
D:5:      layout_loops_cross, kennysheep_cluttered_room, uniq_edmund,
          uniq_menkaure, uniq_sigmund
D:6:      layout_basic, zin_treasury, grunt_temple_overflow_open,
          nicolae_shop_fire_sale [nicolae_sub_dead_trees]
D:7:      layout_basic, minmay_temple_entry_nine_rooms, serial_rivers,
          chequers_serial_rivers_micro_d, chequers_serial_rivers_room_a,
          chequers_serial_rivers_room_b, chequers_serial_rivers_small_b,
          chequers_serial_rivers_room_b, chequers_serial_rivers_micro_a,
          serial_shops, nicolae_shop_window_shopping, nicolae_shop_stone,
          shop_fountains, nicolae_lakefront_shop, nicolae_diamond_shop,
          corexii_item_surrounded_by_moat, minmay_misc_feat_alley,
          abandoned_shop, grunt_potential, uniq_pikel
D:8:      layout_gridville, minmay_misc_feat_tiny

Skill      XL: |  1  2  3  4  5  6  7  8  9 |
---------------+----------------------------+-----
Dodging        | 3 4 5 6 7 |  7.2
Long Blades    | 4 5 6 7 8 10 | 10.8
Fighting       | 4 5 6 7 8 |  8.6

Action                   |  1- 3 |  4- 6 |  7- 9 | 10-12 || total
-------------------------+-------+-------+-------+-------++-------
Melee: Falchion          |    87 |   105 |   232 |       ||   424
       Tailslap          |     5 |    27 |    31 |     8 ||    71
       Punch             |     1 |       |     4 |     1 ||     6
       Short sword       |       |    92 |       |       ||    92
       Scimitar          |       |       |    22 |    32 ||    54
       Long sword        |       |       |    16 |       ||    16
Invok: Berserk           |       |     4 |     3 |     1 ||     8
       Trog's Hand       |       |     1 |     1 |       ||     2
 Abil: Breathe Steam     |       |       |    23 |       ||    23
  Use: Scroll            |       |       |    10 |       ||    10
       Potion            |       |       |     2 |       ||     2
 Stab: Sleeping          |     1 |     1 |     1 |       ||     3
       Distracted        |       |       |     1 |       ||     1
Armor: Skin              |    21 |    55 |    94 |     8 ||   178
Dodge: Dodged            |    40 |   109 |   164 |    27 ||   340

Table legend: (Time is in decaauts)
 A = Elapsed time spent in this place.
 B = Non-inter-level travel time spent in this place.
 C = Inter-level travel time spent in this place.
 D = Time resting spent in this place.
 E = Time spent auto-exploring this place.
 F = Levels seen in this place.
 G = Mean time per level.
                   A        B        C        D        E       F      G
               +--------+--------+--------+--------+--------+-----+--------+
         Total |  10105 |   9840 |    265 |    573 |   8057 |   8 | 1263.1 |
       Dungeon |  10105 |   9840 |    265 |    573 |   8057 |   8 | 1263.1 |
               +--------+--------+--------+--------+--------+-----+--------+

Top non-repeatable levels by time:
     D:7: 2377 daAuts
     D:3: 1656 daAuts
     D:4: 1414 daAuts
     D:1: 1192 daAuts
     D:5: 1180 daAuts
     D:2: 984 daAuts
     D:6: 981 daAuts
     D:8: 318 daAuts
